Map: [ESL] Royal Blood

Players

Dark - Winner!

  • Race: Zerg Zerg
  • Spawn Location: 1:00

GuMiho

  • Race: Terran Terran
  • Spawn Location: 7:00

Event: ESL SC2 Masters 2023 Summer (Finals)

VOD

Have the link to the VOD?

Description

Time

  • Played on: June 16, 2023, 3:04 p.m.
  • Length: 5:32

All games in this series

Show
View Real Time Build Order
Export as new Build Order

Dark Zerg - Winner!

Build Orders: Pool First 

Get SALT Encoding   

  12  0:00  Drone  
  13  0:12  Overlord  
  13  0:17  Drone  
  14  0:30  Drone x2  
  16  0:40  Spawning Pool  
  15  0:45  Drone  
  15  0:48  Drone  
  17  0:57  Drone  
  18  1:11  Hatchery  
  18  1:12  Extractor  
  16  1:22  Drone x2  
  18  1:28  Zergling x2  
  18  1:32  Roach Warren  
  18  1:42  Queen  
  18  1:46  Drone  
  21  1:53  Overlord  
  21  2:16  Roach x2  
  25  2:23  Roach x2  
  25  2:26  Queen  
  31  2:36  Roach x2  
  34  2:46  Overlord  
  34  2:47  Roach  
  36  2:56  Overlord  
  36  3:08  Overlord  
  36  3:16  Roach x3  
  42  3:28  Drone  
  42  3:29  Drone x2  
  42  3:34  Drone x2  
  47  3:38  Drone  
  48  3:42  Extractor  
  48  3:44  Ravager  
  48  3:46  Drone  
  48  3:47  Drone  
  50  3:53  Drone  
  50  3:54  Drone  
  52  4:11  Overlord  
  52  4:13  Overlord  
  52  4:14  Overlord  
  52  4:22  Ravager  
  44  4:24  Drone  
  44  4:25  Drone x5  
  44  4:29  Ravager  
  51  4:38  Drone x2  
  53  4:44  Ravager  
  54  4:47  Drone x3  
  54  4:51  Drone  
  58  4:58  Drone x3  
  61  5:06  Drone  
  62  5:08  Extractor  
  61  5:14  Hatchery  
  61  5:20  Ravager  
Show
View Real Time Build Order
Export as new Build Order

GuMiho Terran 

Build Orders:  

Get SALT Encoding   

  12  0:00  SCV  
  13  0:12  SCV  
  14  0:18  Supply Depot  
  14  0:24  SCV  
  15  0:40  Barracks, SCV  
  16  0:52  Barracks  
  16  1:04  Barracks  
  16  1:08  SCV  
  17  1:20  SCV  
  18  1:26  Marine  
  19  1:33  Orbital Command  
  19  1:36  Supply Depot  
  19  1:38  Marine  
  20  1:44  Marine  
  21  1:51  Marine  
  22  1:56  Marine  
  22  1:57  Bunker  
  22  2:00  SCV  
  24  2:06  Marine  
  25  2:09  Marine  
  25  2:14  Bunker  
  26  2:19  Supply Depot  
  26  2:21  SCV  
  27  2:28  Refinery  
  27  2:33  Refinery  
  27  2:34  SCV  
  27  2:47  SCV  
  28  2:55  Bunker  
  28  2:59  SCV  
  28  3:11  SCV  
  28  3:23  SCV  
  28  3:24  Factory  
  28  3:26  Barracks Tech Lab  
  25  3:31  Bunker  
  25  3:34  Marine  
  25  3:35  SCV  
  27  3:42  Bunker  
  27  3:43  Supply Depot  
  27  3:44  Concussive Shells  
  27  3:45  Marauder  
  27  3:47  SCV  
  30  3:52  Marine  
  31  4:00  SCV  
  32  4:06  Marauder, Supply Depot  
  32  4:07  Supply Depot  
  32  4:12  SCV  
  29  4:29  SCV  
  30  4:34  Marine  
  30  4:37  Marauder  
  33  4:42  SCV  
  33  4:45  Starport  
  34  4:52  Marine, Supply Depot  
  35  4:54  SCV  
  35  4:58  Marauder  
  38  5:06  SCV  
  39  5:08  Supply Depot  
  39  5:18  SCV  
Tags
 
Add a new tag
Caveats
  • Supply blocks, unpowered buildings, or Contaminate may cause inaccurate times.
  • Supply counts are checked every 10 seconds.